 Dungeon Crawl Stone Soup version 0.25.1-2-g60ff931df9 (webtiles) character file.

Game seed: 12856320773485679167

120 DayCrawler the Grave Robber (level 4, -4/30 HPs)
             Began as a Vampire Necromancer on Oct 20, 2020.
             Slain by Gaxx's ghost (13 damage)
             ... on level 3 of the Dungeon.
             The game lasted 00:18:11 (1905 turns).

DayCrawler the Grave Robber (Vampire Necromancer)   Turns: 1905, Time: 00:18:12

Health: -4/30      AC:  3    Str:  7    XL:     4   Next: 75%
Magic:  5/8        EV: 13    Int: 24    God:
Gold:   148        SH:  0    Dex: 14    Spells: 8/9 levels left

rFire    . . .     SeeInvis +   k - +4 short sword (venom)
rCold    . . .     Gourm    .   (no shield)
rNeg     . . .     Faith    +   a - +0 robe
rPois    .         Spirit   .   (no helmet)
rElec    .         Reflect  .   (no cloak)
rCorr    .         Harm     .   h - +0 pair of gloves
MR       .....                  (no boots)
Stlth    ++........             q - amulet of faith
HPRegen  0.30/turn              d - +6 ring of intelligence
MPRegen  0.11/turn              (no ring)

@: lethally poisoned (-4 -> -4), regenerating quickly
A: no food, fangs 3, see invisible, unbreathing
a: Exsanguinate


You were on level 3 of the Dungeon.
You were alive.

You visited 1 branch of the dungeon, and saw 3 of its levels.

You collected 148 gold pieces.

Inventory:

Hand Weapons
 k - a +4 short sword of venom (weapon)
Armour
 a - a +0 robe (worn)
 h - a +0 pair of gloves (worn)
Jewellery
 d - a +6 ring of intelligence (left hand)
 q - an amulet of faith (around neck)
Scrolls
 b - a scroll of remove curse
 c - 2 scrolls of blinking
 e - a scroll of immolation {unknown}
 f - a scroll of amnesia {unknown}
 i - a scroll of random uselessness
 n - a scroll of enchant armour {unknown}
 r - 2 scrolls of identify
Potions
 g - a potion of flight
 j - 2 potions of brilliance {unknown}
 l - a potion of stabbing {unknown}
 m - a potion of might
 p - 2 potions of resistance {unknown}


   Skills:
 + Level 2.5 Dodging
 + Level 3.1 Stealth
 + Level 3.1 Spellcasting
 * Level 5.8 Necromancy


You had 8 spell levels left.
You knew the following spells:

 Your Spells              Type           Power        Failure   Level  Hunger
a - Pain                  Necr           ####         1%          1    N/A

Your spell library contained the following spells:

 Spells                   Type           Power        Failure   Level  Hunger
 Animate Skeleton         Necr           N/A          1%          1    N/A
 Vampiric Draining        Necr           ####......   2%          3    N/A
 Animate Dead             Necr           N/A          10%         4    N/A
 Agony                    Necr           ####....     26%         5    N/A

Dungeon Overview and Level Annotations

Branches:
Dungeon (3/15)

Altars:
Okawaru

Annotations:
D:3 Gaxx's ghost, weakling DsGl


Innate Abilities, Weirdness & Mutations

You do not eat.
Your natural rate of healing is unusually fast.
You have razor-sharp teeth.
You have supernaturally acute eyesight. (SInv)
You can survive without breathing.


Message History

You are more poisoned.
The adder poisons you! The rat misses you.
Casting: Pain (safe; 1% risk of failure)
Confirm with . or Enter, or press ? or * to list all spells.
Aiming: Pain (safe; 1% risk of failure)
Press: ? - help, Shift-Dir - straight line, f/p - adder
Aim: an adder (severely wounded, chance to defeat MR: 89%)
The adder writhes in agony!
You kill the adder!
Gaxx's ghost hits you! The rat barely misses you.
You can't go down here!
You feel sick.
You feel sick.
The kobold throws a stone.
The stone hits you but does no damage.
You see here a stone.
You feel sick.
There is a transporter here.
You enter the transporter and appear at another place.
You feel sick. Gaxx's ghost hits you!
You die...

#.#.##.# ##'##
#.......# #.#.##.#
##.†.## #......>#
#......# ##.....##
######.## ###.#.##
##.......## .#
#####....####.....(...#
.#
............+.........+
###.........#..)......#
##.###.###.##.W.....##
#.## ##.##.....@.....##
#.# #.#..#########..#
#.## ##.#.##8.$(..8##.#
##.###....#.....Kr.§#.#
##...%##.#.##..(##.#.#
####.##.#.##...##.#.#
#.##.#....©....#.#
#....#.##††.##.#.#
####.#.##...##.#.##


You could see Gaxx's ghost, a kobold and a rat.

Vanquished Creatures
  Terence (D:2)
  4 adders
  2 worms (D:2)
  2 dart slugs
  2 leopard geckos
  A ball python (D:1)
  5 giant cockroaches (D:1)
  7 goblins
  5 hobgoblins (D:1)
  4 kobolds
  A quokka (D:3)
  5 bats
  A frilled lizard (D:1)
  6 rats
46 creatures vanquished.

Notes
Turn   | Place    | Note
-------+----------+-------------------------------------------
     0 | D:1      | DayCrawler the Vampire Necromancer began the quest for the
                  | Orb.
     0 | D:1      | Reached XP level 1. HP: 13/13 MP: 3/3
   167 | D:1      | Reached XP level 2. HP: 19/19 MP: 3/5
   283 | D:1      | Reached skill level 5 in Necromancy
   619 | D:1      | Reached XP level 3. HP: 23/24 MP: 1/6
  1032 | D:2      | Found an iron altar of Okawaru.
  1318 | D:2      | Noticed Terence
  1325 | D:2      | Killed Terence
  1325 | D:2      | Reached XP level 4. HP: 26/30 MP: 1/8
  1682 | D:3      | Noticed Gaxx's ghost (weakling DsGl)
  1820 | D:3      | Found a transporter.
  1835 | D:3      | Found a transporter.
  1905 | D:3      | Slain by Gaxx's ghost

Illustrated notes

Levels and vault maps discovered:
D:1:      lightli_arrival_lavapool, layout_loops_cross
D:2:      layout_rooms, okawaru_metal_pillars_3, uniq_terence
D:3:      layout_loops_corners, gammafunk_ghost_arena

Skill      XL: |  1  2  3  4 |
---------------+-------------+-----
Necromancy     | 5 |  5.8
Spellcasting   | 3 |  3.1
Dodging        | |  2.5
Stealth        | |  3.1

Action                   |  1- 3 |  4- 6 || total
-------------------------+-------+-------++-------
Melee: Unarmed           |     7 |       ||     7
       Bite              |     3 |       ||     3
       Dagger            |     2 |       ||     2
       Short sword       |     4 |       ||     4
 Cast: Pain              |    71 |    16 ||    87
  Use: Scroll            |     5 |     2 ||     7
       Potion            |     1 |       ||     1
Armor: Robe              |     3 |     1 ||     4
Dodge: Dodged            |    13 |     5 ||    18
